 Dungeon Crawl Stone Soup version 0.23.2-1-ga50397a (webtiles) character file.

Game seed: 9411587901232018475

21 Reg1 the Caller (level 2, -1/20 HPs)
             Began as a Merfolk Summoner on May 21, 2019.
             Slain by a goblin
             ... wielding a cursed +0 club
              (4 damage)
             ... on level 1 of the Dungeon.
             The game lasted 00:04:20 (1337 turns).

Reg1 the Caller (Merfolk Summoner)                  Turns: 1337, Time: 00:04:21

Health: -1/20      AC:  2    Str:  8    XL:     2   Next: 87%
Magic:  5/5        EV: 13    Int: 14    God:
Gold:   61         SH:  0    Dex: 14    Spells: 2/5 levels left

rFire    . . .     SeeInvis .   e - +0 short sword
rCold    . . .     Gourm    .   (no shield)
rNeg     . . .     Faith    .   a - +0 robe
rPois    .         Spirit   .   (no helmet)
rElec    .         Reflect  .   (no cloak)
rCorr    .         Harm     .   (no gloves)
MR       .....                  (no boots)
Stlth    ++........             (no amulet)
HPRegen  0.06/turn              (no ring)
MPRegen  0.09/turn              (no ring)

@: no status effects
A: change form in water, swift swim, stealthy swim
a: no special abilities


You were on level 1 of the Dungeon.
You were not hungry.

You visited 1 branch of the dungeon, and saw 1 of its levels.

You collected 61 gold pieces.

Inventory:

Hand Weapons
 e - a +0 short sword (weapon)
Armour
 a - a +0 robe (worn)
Potions
 b - a potion of might {unknown}
 f - a potion of mutation {unknown}
Comestibles
 c - 4 rations
 d - a chunk of flesh


   Skills:
 + Level 0.5 Fighting
 + Level 0.7 Short Blades
 + Level 3.1 Dodging
 + Level 2.2 Stealth
 + Level 0.2 Unarmed Combat
 + Level 2.0 Spellcasting
 + Level 4.4 Summonings


You had 2 spell levels left.
You knew the following spells:

 Your Spells              Type           Power        Failure   Level  Hunger
a - Summon Small Mammal   Summ           ##..         4%          1    ##.....
b - Call Imp              Summ           ##......     6%          2    ###....

Your spell library contained the following spells:

 Spells                   Type           Power        Failure   Level  Hunger
 Call Canine Familiar     Summ           ##......     12%         3    ####...
 Summon Guardian Golem    Hex/Summ       #.......     28%         3    ####...
 Summon Ice Beast         Ice/Summ       #.......     67%         4    #####..
 Summon Lightning Spire   Summ/Air       #.......     67%         4    #####..


Dungeon Overview and Level Annotations

Branches:
Dungeon (1/15)

Altars:


Message History

You hit the jackal.
The jackal is almost dead.
The jackal misses you. The jackal barely misses you.
The jackal bites you but does no damage.
The kobold misses you. The kobold barely misses you.
You closely miss the jackal.
The jackal is almost dead.
The jackal bites you. x2
* * * LOW HITPOINT WARNING * * *
The bat barely misses you. The jackal misses you.
The kobold completely misses you. The kobold misses you.
The bat barely misses you. x2; The jackal bites you.
* * * LOW HITPOINT WARNING * * *
The bat barely misses you. The jackal closely misses you.
The bat barely misses you. The jackal barely misses you.
The jackal misses you. x2
The jackal bites you.
* * * LOW HITPOINT WARNING * * *
The bat closely misses you.
The goblin hits you with a cursed +0 club.
You die...

#. #.# .# #
#.###.##.##.#
.......?..
#......#
h#####......####.
.. #..
.................
. ...
.#####.K....####.
.# #. #.#
.#####gh....# .#
###.##.#
.##...@bh#..# .#
......#
#.##(######..# .#
###.#..###.##.##
#..# #####.#
.......#.......#
#..#####......
#........##..#
#............#
###.##.####..#
#.######......
#.##.##....# #.#
#...>..
#####.##.##.##.#
##.######.....#
......##.##.##.#
#...รท.........#


You could see 2 jackals, a goblin, a bat and a kobold.

Vanquished Creatures
  2 dart slugs (D:1)
  A bat (D:1)
  2 giant cockroaches (D:1)
  2 goblins (D:1)
  A hobgoblin (D:1)
  A jackal (D:1)
  A frilled lizard (D:1)
  2 kobolds (D:1)
  2 rats (D:1)
14 creatures vanquished.

Vanquished Creatures (collateral kills)
  A giant cockroach (D:1)
  A goblin (D:1)
  A jackal (D:1)
  2 kobolds (D:1)
5 creatures vanquished.

Grand Total: 19 creatures vanquished

Notes
Turn   | Place    | Note
-------+----------+-------------------------------------------
     0 | D:1      | Reg1 the Merfolk Summoner began the quest for the Orb.
     0 | D:1      | Reached XP level 1. HP: 13/13 MP: 3/3
   368 | D:1      | Reached XP level 2. HP: 12/19 MP: 5/5
   398 | D:1      | HP: 1/20 [kobold (3)]
   408 | D:1      | Learned a level 2 spell: Call Imp
  1337 | D:1      | Slain by a goblin

Skill      XL: |  1 |
---------------+----+-----
Dodging        | 3 |  3.1
Fighting       | |  0.5
Short Blades   | |  0.7
Stealth        | |  2.2
Unarmed Combat | |  0.2
Spellcasting   | |  2.0
Summonings     | |  4.4

Action                   || total
-------------------------++-------
Melee: Unarmed           ||    30
       Short sword       ||    60
 Cast: Call Imp          ||     5
       Summon Small Mamm ||     4
 Stab: Sleeping          ||     3
  Eat: Chunk             ||     2
Armor: Robe              ||    20
Dodge: Dodged            ||    89
